 Dungeon Crawl Stone Soup version 0.18-a0-1225-g5d63bca (webtiles) character file.

95518 M4edhros the Peltast (level 16, -15/92 HPs)
             Began as an Octopode Artificer on Feb 3, 2016.
             Was a High Priest of Fedhas.
             Killed from afar by a deep elf knight (51 damage)
             ... with a stone arrow
             ... on level 1 of the Elven Halls.
             The game lasted 01:31:38 (30844 turns).

M4edhros the Peltast (Octopode Artificer)          Turns: 30844, Time: 01:31:41

Health: -15/92     AC:  1    Str: 11    XL:     16   Next: 14%
Magic:  36/36      EV: 14    Int: 21    God:    Fedhas [*****.]
Gold:   1517       SH: 28    Dex: 15    Spells: 2 memorised, 24 levels left

rFire  . . .     SeeInvis .     P - +1 short sword (speed)
rCold  + . .     Gourm    .     a - +7 large shield
rNeg   + . .     Faith    .     (helmet restricted)
rPois  .         Spirit   .     g - +2 amulet of reflection
rElec  .         Dismiss  .     l - +3 ring of dexterity
rCorr  .         Reflect  +     G - ring of magical power
SustAt +         Harm     .     (no ring)
MR     +....                    L - ring of sustain attributes
Stlth  +++++++...               S - ring of protection from fire
                                M - +3 ring of slaying
                                E - ring of ice
                                Y - ring of positive energy

@: somewhat resistant to hostile enchantments, extremely stealthy
A: almost no armour, amphibious, 8 rings, constrict 8, camouflage 2, frail 1,
gelatinous body 1
a: Evolution, Sunlight, Growth, Reproduction, Rain, Renounce Religion


You were on level 1 of the Elven Halls.
You worshipped Fedhas.
Fedhas was extremely pleased with you.
You were hungry.

You visited 5 branches of the dungeon, and saw 26 of its levels.
You also visited: Volcano.

You collected 1817 gold pieces.
You spent 300 gold pieces at shops.

Inventory:

Hand Weapons
 f - the +4 flail "Qetzeley" {venom, rF+}
   (You bought it in a shop on level 2 of the Orcish Mines)

   It poisons the flesh of those it strikes.
   It protects you from fire.
 q - a +0 blowgun
 P - a +1 short sword of speed (weapon)
 V - a +5 hunting sling of flaming
Missiles
 h - 151 stones (quivered)
 w - 87 poisoned needles
 N - 34 sling bullets
Armour
 a - a +7 large shield (worn)
Rods
 I - a +0 iron rod (6/10)
   (You found it on level 7 of the Dungeon)
Jewellery
 e - an uncursed amulet of regeneration {unknown}
 g - a +2 amulet of reflection (around mantle)
 l - a +3 ring of dexterity (left tentacle)
 p - an uncursed ring of fire
 E - a ring of ice (on tentacle)
 G - a ring of magical power (right tentacle)
 L - a ring of sustain attributes (on tentacle)
 M - a +3 ring of slaying (on tentacle)
 S - a ring of protection from fire (on tentacle)
 U - an uncursed amulet of guardian spirit
 Y - a ring of positive energy (on tentacle)
Wands
 b - a wand of enslavement (11/24)
 k - a wand of teleportation (5/9)
 n - a wand of disintegration (10/24)
 v - a wand of enslavement (17/24)
 Z - a wand of acid (0/15)
Scrolls
 m - a scroll of vulnerability
 t - a scroll of recharging
 x - 3 scrolls of fog
 K - 4 scrolls of fear
 T - 6 scrolls of teleportation
Potions
 c - 2 potions of agility
 d - 2 potions of magic
 j - a potion of flight
 r - 4 potions of brilliance
 u - 5 potions of curing
 A - 2 potions of berserk rage
 F - 4 potions of lignification
 H - a potion of might
 R - a potion of cancellation
 W - a potion of haste
Books
 y - a book of Spatial Translocations

   Spells                             Type                      Level
   a - Apportation                    Translocation                1
   b - Blink                          Translocation                2
   c - Shroud of Golubria             Charms/Translocation         2
   d - Portal Projectile              Translocation                3
   e - Teleport Other                 Translocation                3
   f - Passage of Golubria            Translocation                4
Miscellaneous
 D - a fan of gales (inert)
Comestibles
 B - 6 bread rations
 O - 14 fruits


   Skills:
 - Level 7.5 Fighting
 - Level 1.0 Short Blades
 + Level 9.6 Slings
 - Level 7.0 Dodging
 - Level 9.5 Stealth
 + Level 16.5 Shields
 + Level 7.5 Spellcasting
 + Level 8.2 Conjurations
 + Level 8.3 Charms
 - Level 8.9 Invocations
 - Level 6.2 Evocations


You had 24 spell levels left.
You knew the following spells:

 Your Spells              Type           Power        Failure   Level  Hunger
a - Iskenderun's Battles  Conj/Chrm      #####...     24%         5    #####..
b - Magic Dart            Conj           ####         1%          1    None


Dungeon Overview and Level Annotations

Branches:
Dungeon (14/15)            Temple (1/1) D:5            Lair (8/8) D:11
  Swamp (0/4) Lair:4       Spider (0/4) Lair:3        Slime (0/6) Lair:6
    Orc (2/2) D:10            Elf (1/3) Orc:2        Vaults (0/5) D:13

Altars:
Ashenzari
Cheibriados
Dithmenos
Elyvilon
Fedhas
Gozag
Kikubaaqudgha
Makhleb
Nemelex Xobeh
Okawaru
Pakellas
Qazlal
Ru
Sif Muna
Trog
Vehumet
Xom
Yredelemnul
Zin
The Shining One

Shops:
D:5 ?=[}*   D:8 :!   Orc:2 (%((   Elf:1 }

Annotations:
Elf:1 exclusion: Roxanne, Roxanne


Innate Abilities, Weirdness & Mutations

You cannot wear most types of armour.
You are amphibious.
You can wear up to eight rings at the same time.
You can use your tentacles to constrict eight enemies at once.
Your skin blends seamlessly with your surroundings (Stealth).
Your rubbery body absorbs attacks (AC +1).
You are frail (-10% HP).


Message History

t - Shout!
Orders for allies: a - Attack new target. r - Retreat! s - Stop attacking. w - Wait here. f - Follow me.
Anything else - Stay silent.
Gang up on whom?
Press: ? - help, Dir - move target cursor, f - deep elf knight
Aim: a deep elf knight, wielding a scimitar and wearing a leather armour (shrouded) Attack!
Your wandering mushroom closely misses the deep elf knight.
The deep elf knight hits your wandering mushroom with a scimitar!!
The deep elf knight's shroud bends your wandering mushroom's attack away.
You swap places.
The deep elf knight's shroud bends your wandering mushroom's attack away.
The deep elf knight casts a spell at you.
The stone arrow hits you!
Ouch! That really hurt!
You die...
Xom snickers!
Fedhas appreciates your contribution to the ecosystem.

... ... #.^
#.# #.# #.#
######(####
#.....()ef#
####
#.#######@#
...# #.# #f#
##.#####.##
#.# #.eE.....#
### #.#.#.#.##
###
#.#.#.#.#...e#
#............+
#######......+
##.....#


You could see a deep elf knight and 2 friendly wandering mushrooms.

Vanquished Creatures
  A deep elf sorcerer (Elf:1)
  Nessos (D:13)
  Harold (Lair:1)
  3 hydras
  A dancing weapon (Elf:1)
  3 ogre magi
  5 death yaks
  2 tengu warriors
  2 orc high priests
  3 deep elf knights
  3 unseen horrors
  A skeletal warrior (D:13)
  2 fire crabs
  4 hill giants
  An orb spider (Lair:3)
  8 ugly things
  A griffon (Lair:5)
  8 deep elf magi
  3 cyclopes
  An ice statue (D:11)
  Maurice (D:12)
  5 elephants
  7 black mambas
  4 centaur skeletons
  12 spiny frogs
  A torpor snail (Lair:6)
  A kobold demonologist (D:13)
  6 komodo dragons
  A fire drake (Lair:3)
  A queen bee (shapeshifter) (D:14)
  9 trolls
  6 two-headed ogres
  4 polar bears
  Prince Ribbit (D:5)
  29 blink frogs
  A boulder beetle (D:11)
  6 slime creatures
  3 air elementals (Elf:1)
  3 shadows
  6 redbacks (Lair:8)
  Sigmund (D:5)
  A wraith (D:12)
  7 spriggans (Lair:8)
  A vampire (D:12)
  2 fire bats (Volcano)
  24 yaks
  8 hippogriffs
  3 basilisks
  3 mottled dragons
  Menkaure (D:4)
  25 wolves
  2 soldier ants
  5 wargs
  12 water moccasins
  12 porcupines
  2 ice beasts
  12 orc warriors
  3 wandering mushrooms
  2 sky beasts (D:12)
  Purgy (D:4)
  8 black bears
  2 wasps (Lair:8)
  21 ogres
  15 crocodiles
  13 centaurs
  3 big kobolds
  Blork the orc (D:5)
  21 giant frogs
  An earth elemental (Elf:1)
  A wyvern skeleton (D:10)
  A water moccasin zombie (D:5)
  6 scorpions
  6 killer bees
  15 wights
  An electric eel (Lair:4)
  5 crimson imps
  2 quasits
  3 hounds
  14 orc wizards
  11 giant frog skeletons
  10 orc priests
  13 jellies
  14 iguanas
  13 worker ants
  14 sheep
  6 gnolls
  20 adders
  38 river rats
  2 shadow imps
  2 oozes
  2 adder skeletons
  5 worms
  6 giant geckos
  68 orcs
  3 ball pythons
  7 giant cockroaches
  9 goblins
  8 hobgoblins
  14 jackals
  2 quokkas (D:3)
  10 bats
  2 giant newts (D:3)
  21 kobolds
  A quokka skeleton (D:8)
  6 rats
  A ballistomycete (Lair:8)
  A giant spore (Orc:2)
  A hyperactive ballistomycete (Lair:8)
  4 toadstools
741 creatures vanquished.

Vanquished Creatures (collateral kills)
  4 hydras
  5 death yaks
  2 deep trolls (Orc:2)
  4 hill giants
  3 ugly things
  A cyclops (D:11)
  A deep elf mage (Elf:1)
  A griffon (Lair:8)
  4 elephants (Lair:8)
  2 black mambas
  6 spiny frogs
  A komodo dragon (Lair:7)
  2 fire drakes (Lair:6)
  4 polar bears
  6 trolls
  3 two-headed ogres
  Grinder (D:6)
  A slime creature (D:12)
  7 blink frogs
  A boulder beetle (Lair:7)
  2 redbacks (Lair:8)
  A shadow (D:12)
  8 spriggans (Lair:8)
  A wraith (D:13)
  A wyvern (Lair:3)
  10 yaks
  2 basilisks
  2 hippogriffs
  13 wolves
  Edmund (D:6)
  3 wargs (Orc:2)
  3 water moccasins
  2 porcupines
  9 orc warriors
  An ice beast (D:12)
  2 black bears
  A phantom (D:8)
  2 wasps (Lair:8)
  13 ogres
  2 centaurs
  4 crocodiles
  A big kobold (D:10)
  2 giant frogs
  2 gnoll sergeants (D:10)
  A wyvern skeleton (D:6)
  A scorpion (D:11)
  3 wights (D:9)
  6 killer bees
  2 crimson imps
  A gnoll shaman (Orc:2)
  4 orc priests
  2 centaur skeletons
  4 giant frog skeletons
  3 hounds
  A jelly (D:11)
  An iguana (Lair:5)
  7 orc wizards
  2 worker ants
  8 sheep
  A hound skeleton (D:4)
  10 gnolls
  2 adders
  38 orcs
  A bat (D:3)
  A goblin (Orc:2)
  A kobold (D:13)
  A quokka (D:4)
  A giant newt (D:3)
  6 giant spores
  A toadstool (Elf:1)
256 creatures vanquished.

Vanquished Creatures (others)
  An oklob plant (Lair:8)
  2 centaur warriors (D:13)
  An unseen horror (D:13)
  A shambling mangrove (D:10)
  A manticore (D:13)
  A cyclops (D:13)
  A spriggan druid (Lair:8)
  41 wandering mushrooms
  2 hell hounds (Volcano)
  An orc warrior (D:10)
  8 centaurs
  An ogre (D:6)
  2 killer bees
  A wasp zombie (D:12)
  An orc priest (D:3)
  A worker ant (D:4)
  2 worker ant zombies
  An orc (D:13)
  A jackal (D:3)
  7 ballistomycetes
  20 fungi
  10 giant spores
  A hyperactive ballistomycete (D:13)
  3 plants
  943 toadstools
1054 creatures vanquished.

Grand Total: 2051 creatures vanquished

Notes
Turn   | Place    | Note
--------------------------------------------------------------
     0 | D:1      | M4edhros the Octopode Artificer began the quest for the Orb.
     0 | D:1      | Reached XP level 1. HP: 13/13 MP: 3/3
   146 | D:1      | Reached XP level 2. HP: 6/18 MP: 4/4
   527 | D:1      | Reached XP level 3. HP: 14/23 MP: 5/5
   916 | D:3      | Reached XP level 4. HP: 25/28 MP: 6/6
  1202 | D:4      | Noticed an ogre
  1204 | D:4      | Reached skill level 4 in Evocations
  1212 | D:4      | Killed an ogre
  1212 | D:4      | Reached XP level 5. HP: 12/33 MP: 6/8
  1737 | D:4      | Noticed Purgy
  1745 | D:4      | Killed Purgy
  1745 | D:4      | Reached skill level 5 in Stealth
  1745 | D:4      | Reached XP level 6. HP: 35/38 MP: 9/9
  1811 | D:4      | Noticed Menkaure
  1813 | D:4      | Paralysed by a centaur for 3 turns
  1817 | D:4      | Killed Menkaure
  1817 | D:4      | Reached skill level 6 in Stealth
  1817 | D:4      | Reached XP level 7. HP: 21/43 MP: 10/10
  2276 | D:4      | Reached skill level 5 in Dodging
  2276 | D:4      | Reached skill level 5 in Evocations
  2583 | D:5      | Entered Level 5 of the Dungeon
  2610 | D:5      | Reached skill level 7 in Stealth
  2902 | D:5      | Noticed Prince Ribbit
  2909 | D:5      | Killed Prince Ribbit
  2909 | D:5      | Reached XP level 8. HP: 27/48 MP: 10/12
  2970 | D:5      | Found Kichax's Antique Armour Emporium.
  2976 | D:5      | Found Ytuqoal's Jewellery Shop.
  3024 | D:5      | Found Replipenyrph's Magic Scroll Shop.
  3057 | D:5      | Reached skill level 8 in Stealth
  3305 | D:5      | Found Ugohevia's Gadget Boutique.
  3305 | D:5      | Found a glowing silver altar of Zin.
  3310 | D:5      | Found Zitwinle's Assorted Antiques.
  3391 | D:5      | Found a staircase to the Ecumenical Temple.
  3413 | Temple   | Entered the Ecumenical Temple
  3453 | Temple   | Became a worshipper of Xom the Unpredictable
  3466 | Temple   | Fell from the grace of Xom
  3466 | Temple   | Became a worshipper of Fedhas Madash
  3560 | D:5      | Noticed Blork the orc
  3571 | D:5      | Killed Blork the orc
  3571 | D:5      | Reached skill level 9 in Stealth
  3784 | D:3      | Reached * piety under Fedhas
  3847 | D:3      | XOM: medium Summ miscast
  4401 | D:2      | XOM: polymorph wandering mushroom -> shambling mangrove
  4631 | D:2      | Reached skill level 1 in Shields
  4751 | D:2      | Reached ** piety under Fedhas
  5067 | D:3      | Reached skill level 1 in Invocations
  5258 | D:3      | XOM: give mutations
  5258 | D:3      | Gained mutation: You occasionally shout uncontrollably at your foes. [Xom's mischief]
  5258 | D:3      | Gained mutation: You are weak. (Str -2) [Xom's mischief]
  5258 | D:3      | Gained mutation: Your body sometimes deteriorates upon taking damage. [Xom's mischief]
  5406 | D:5      | Reached skill level 1 in Slings
  5406 | D:5      | Reached XP level 9. HP: 47/53 MP: 13/13
  5412 | D:5      | XOM: noise
  5425 | D:5      | Noticed Sigmund
  5433 | D:5      | Killed Sigmund
  5605 | D:6      | XOM: give mutations
  5605 | D:6      | Gained mutation: You regenerate slowly when monsters are visible. [Xom's mischief]
  5605 | D:6      | Gained mutation: You are frail (-10% HP). [Xom's mischief]
  5605 | D:6      | Gained mutation: Scrolls take you a little longer to read. [Xom's mischief]
  5605 | D:6      | Lost mutation: You regenerate slowly when monsters are visible. [Xom's mischief]
  5738 | D:6      | Noticed Edmund
  5755 | D:6      | Killed Edmund
  5775 | D:6      | Reached *** piety under Fedhas
  6077 | D:6      | XOM: polymorph wandering mushroom -> oklob plant
  6152 | D:6      | Gained mutation: You are partially covered in thin metallic scales (AC +2). [potion of mutation]
  6152 | D:6      | Lost mutation: You are weak. (Str -2) [potion of mutation]
  6152 | D:6      | Gained mutation: You are partially covered in large bone plates (AC +2, SH +2). [potion of mutation]
  6175 | D:6      | Noticed Grinder
  6199 | D:6      | Killed Grinder
  6642 | D:6      | XOM: noise
  6936 | D:7      | Found a deep blue altar of Sif Muna.
  7293 | D:7      | Reached skill level 5 in Invocations
  7607 | D:7      | XOM: noise
  7661 | D:7      | XOM: medium Necr miscast
  7716 | D:7      | XOM: medium Trmt miscast
  8037 | D:8      | Found a shadowy altar of Dithmenos.
  8037 | D:8      | Found an ancient bone altar of Kikubaaqudgha.
  8089 | D:8      | Found a sacrificial altar of Ru.
  8093 | D:8      | Found a basalt altar of Yredelemnul.
  8133 | D:8      | Reached XP level 10. HP: 52/52 MP: 14/14
  8135 | D:8      | Reached skill level 5 in Shields
  8141 | D:8      | Reached **** piety under Fedhas
  8161 | D:8      | XOM: medium Trmt miscast
  8169 | D:8      | Gained mutation: Your magical capacity is low (-10% MP). [mutagenic glow]
  8173 | D:8      | Found Emizeriu's Distillery.
  8235 | D:8      | Found Kaphidin's Book Shop.
  8267 | D:8      | Gained mutation: You are very frail (-20% HP). [mutagenic glow]
  8280 | D:8      | Reached skill level 5 in Slings
  8330 | D:8      | XOM: noise
  8449 | D:8      | Found a blossoming altar of Fedhas.
  8672 | D:8      | Noticed a hill giant
  8680 | D:8      | Killed a hill giant
  8709 | D:9      | Found a sparkling altar of Nemelex Xobeh.
  8710 | D:9      | Lost mutation: Scrolls take you a little longer to read. [potion of cure mutation]
  8710 | D:9      | Lost mutation: Your magical capacity is low (-10% MP). [potion of cure mutation]
  8710 | D:9      | Lost mutation: You are very frail (-20% HP). [potion of cure mutation]
  8710 | D:9      | Lost mutation: You occasionally shout uncontrollably at your foes. [potion of cure mutation]
  9033 | D:9      | XOM: mild Erth miscast
  9061 | D:9      | Found a snail-covered altar of Cheibriados.
  9181 | D:9      | XOM: noise
  9411 | D:9      | XOM: mild Ice miscast
  9521 | D:10     | Entered Level 10 of the Dungeon
  9603 | D:10     | Reached ***** piety under Fedhas
  9876 | D:10     | XOM: medium Summ miscast
 10101 | D:10     | Found a staircase to the Orcish Mines.
 10386 | D:10     | XOM: medium Hex miscast
 10501 | D:11     | XOM: noise
 11011 | D:11     | Reached XP level 11. HP: 57/61 MP: 16/16
 11051 | D:11     | XOM: divination: detect creatures
 11054 | D:11     | Noticed a cyclops
 11109 | D:11     | Killed a cyclops
 11200 | D:11     | XOM: mild Pois miscast
 11264 | D:11     | Noticed a hill giant
 11280 | D:11     | Killed a hill giant
 11296 | D:11     | Found a staircase to the Lair.
 11500 | D:11     | XOM: noise
 11580 | D:11     | Was forgiven by Xom
 11947 | D:12     | Noticed an unseen horror
 11962 | D:12     | Killed an unseen horror
 12143 | D:12     | Noticed Maurice
 12154 | D:12     | Killed Maurice
 12154 | D:12     | Reached skill level 5 in Fighting
 12241 | D:12     | Found a sparkling altar of Nemelex Xobeh.
 12245 | D:12     | Noticed a purple ugly thing
 12359 | D:12     | Killed a purple ugly thing
 12395 | D:12     | HP: 3/63 [slime creature (18)]
 12764 | D:12     | Noticed a hill giant
 12798 | D:12     | Noticed a hill giant
 13020 | D:12     | Noticed a hill giant
 13700 | Lair:1   | Entered Level 1 of the Lair of Beasts
 14318 | Orc:1    | Entered Level 1 of the Orcish Mines
 14325 | Orc:2    | Entered Level 2 of the Orcish Mines
 14482 | Orc:2    | Found a dark tunnel.
 14572 | Volcano  | Entered a volcano
 14595 | Volcano  | Noticed a fire crab
 14626 | Volcano  | Killed a fire crab
 14972 | Orc:2    | Reached XP level 12. HP: 46/71 MP: 18/18
 14986 | Orc:2    | Found Hyujeug's Weapon Emporium.
 15102 | Orc:2    | Noticed an ogre mage
 15114 | Orc:2    | Noticed an ogre mage
 15128 | Orc:2    | Killed an ogre mage
 15129 | Orc:2    | Killed an ogre mage
 15129 | Orc:2    | Reached skill level 10 in Shields
 15182 | Orc:2    | Reached skill level 11 in Shields
 15234 | Orc:2    | Found Zairezoj's Antique Weapon Emporium.
 15236 | Orc:2    | Found Hitz's Food Shop.
 15308 | Orc:2    | Found Osoly's Antique Weapon Shoppe.
 15328 | Orc:2    | Bought a glowing hunting sling for 45 gold pieces
 15648 | Orc:2    | Bought a bloodstained flail for 255 gold pieces
 15648 | Orc:2    | Identified the +4 flail "Qetzeley" {venom, rF+} (You bought it in a shop on level 2 of the Orcish Mines)
 15699 | Orc:2    | Found a staircase to the Elven Halls.
 15715 | Orc:2    | Reached ****** piety under Fedhas
 15788 | Orc:2    | Noticed an orc high priest
 15852 | Orc:2    | Reached skill level 12 in Shields
 15865 | Orc:2    | Killed an orc high priest
 16269 | Lair:1   | Reached XP level 13. HP: 33/77 MP: 19/19
 16767 | Lair:1   | Reached skill level 13 in Shields
 16822 | Lair:1   | Noticed Harold
 16841 | Lair:1   | Killed Harold
 17955 | Lair:2   | Reached skill level 14 in Shields
 18514 | Lair:3   | Found a hole to the Spider Nest.
 19540 | Lair:4   | Learned a level 5 spell: Iskenderun's Battlesphere
 19678 | Lair:4   | Reached skill level 1 in Conjurations
 19687 | Lair:4   | Found a staircase to the Swamp.
 19983 | Lair:4   | Learned a level 1 spell: Magic Dart
 19998 | Lair:4   | Reached skill level 15 in Shields
 19998 | Lair:4   | Reached skill level 1 in Spellcasting
 19998 | Lair:4   | Reached skill level 1 in Charms
 20382 | Lair:4   | Reached XP level 14. HP: 80/82 MP: 20/20
 22035 | Lair:6   | Found a staircase to the Slime Pits.
 23170 | Lair:7   | Reached skill level 5 in Charms
 23274 | Lair:7   | Reached skill level 5 in Conjurations
 23950 | Lair:7   | You fall through a shaft!
 23950 | Lair:8   | Entered Level 8 of the Lair of Beasts
 24389 | Lair:8   | Reached skill level 5 in Spellcasting
 24926 | Lair:8   | Reached XP level 15. HP: 76/87 MP: 23/23
 26059 | Lair:8   | Reached skill level 16 in Shields
 26879 | D:12     | Gained mutation: Your muscles are strong. (Str +2) [mutagenic meat]
 26963 | D:12     | Gained mutation: You are partially covered in icy blue scales (AC +1). [mutagenic meat]
 27075 | D:12     | Gained mutation: Your skin blends seamlessly with your surroundings (Stealth). [mutagenic meat]
 27076 | D:12     | Gained mutation: Your muscles are very strong. (Str +4) [mutagenic meat]
 27307 | D:13     | Noticed Nessos
 27315 | D:13     | Killed Nessos
 28784 | D:13     | Found a gate to the Vaults.
 29536 | D:14     | Gained mutation: You are dopey. (Int -2) [mutagenic meat]
 29539 | D:14     | Gained mutation: You evolve. [mutagenic meat]
 29540 | D:14     | Gained mutation: You are very frail (-20% HP). [mutagenic meat]
 29543 | D:14     | Gained mutation: You are extremely frail (-30% HP). [mutagenic meat]
 29544 | D:14     | Lost mutation: Your muscles are very strong. (Str +4) [potion of cure mutation]
 29544 | D:14     | Lost mutation: You are dopey. (Int -2) [potion of cure mutation]
 29544 | D:14     | Lost mutation: You evolve. [potion of cure mutation]
 29544 | D:14     | Lost mutation: You are extremely frail (-30% HP). [potion of cure mutation]
 29544 | D:14     | Lost mutation: Your muscles are strong. (Str +2) [potion of cure mutation]
 29544 | D:14     | Lost mutation: You are very frail (-20% HP). [potion of cure mutation]
 29544 | D:14     | Lost mutation: Your body sometimes deteriorates upon taking damage. [potion of cure mutation]
 29898 | D:14     | Gained mutation: You are very frail (-20% HP). [mutagenic meat]
 29900 | D:14     | Gained mutation: You expend magic power (3 MP) to strengthen your wands. [mutagenic meat]
 29901 | D:14     | Lost mutation: You are partially covered in icy blue scales (AC +1). [mutagenic meat]
 29902 | D:14     | Gained mutation: Your body sometimes deteriorates upon taking damage. [mutagenic meat]
 30151 | Lair:2   | Lost mutation: Your body sometimes deteriorates upon taking damage. [potion of cure mutation]
 30151 | Lair:2   | Lost mutation: You are very frail (-20% HP). [potion of cure mutation]
 30151 | Lair:2   | Lost mutation: You are partially covered in thin metallic scales (AC +2). [potion of cure mutation]
 30151 | Lair:2   | Lost mutation: You expend magic power (3 MP) to strengthen your wands. [potion of cure mutation]
 30151 | Lair:2   | Lost mutation: You are partially covered in large bone plates (AC +2, SH +2). [potion of cure mutation]
 30368 | Elf:1    | Entered Level 1 of the Elven Halls
 30396 | Elf:1    | Noticed Roxanne
 30437 | Elf:1    | Reached XP level 16. HP: 92/92 MP: 26/26
 30480 | Elf:1    | Found Cynkih's Gadget Boutique.
 30844 | Elf:1    | Killed from afar by a deep elf knight

Vault maps used:
D:1:      minmay_arrival_cross
D:3:      first_bread, st_stairs_10
D:4:      st_stairs_14, uniq_purgy, uniq_menkaure
D:5:      wad_crossroads, old_standard_altar, minmay_temple_entry_butterflies,
          serial_shops, kennysheep_mini, nicolae_shop_crystal,
          nicolae_shop_crystal, shop_statue, shop, minivault_23,
          uniq_blork_the_orc, uniq_prince_ribbit1, uniq_sigmund
D:6:      uniq_grinder, uniq_edmund
D:7:      overflow_temple_1_default
D:8:      grunt_temple_overflow_open, gammafunk_temple_overflow_elements,
          serial_shops, nicolae_shop_stone, shop, hangedman_tree_tricks
D:9:      old_standard_altar, basic_altar
D:10:     kennysheep_orc_monster_closet_entryway, st_stairs_11
D:11:     boulder_indie, lair_0_dummy, minivault_16, minmay_liquid_box
D:12:     forest_paths, basic_altar, uniq_maurice
D:13:     hangedman_vaults_entry_quadrant_bands, uniq_nessos
Temple:   circular_temple_13
Lair:1:   beast_lair_carwin_4, uniq_harold
Lair:3:   nicolae_spider_entry_orb_guardian
Lair:4:   swamp_mist_pool, serial_bayou_shore_b
Lair:5:   zaba_anthole, eino_small_chamber_without_monster
Lair:6:   minmay_slime_entry_jelly_boxes, kennysheep_basilisk_garden
Lair:7:   serial_bayou_shore_b
Lair:8:   minmay_lair_end_enchanted_forest
Orc:1:    nicolae_for_you_no_charge
Orc:2:    st_orc_open, nicolae_volcano_entry_s_turn, mines5_lemuel
Elf:1:    serial_shops, shop, shop_statue, hangedman_elf_represent,
          minivault_28, uniq_frances, uniq_roxanne
Volcano:  volcano_pools

Action                   |  1- 3 |  4- 6 |  7- 9 | 10-12 | 13-15 | 16-18 || total
-------------------------+-------+-------+-------+-------+-------+-------++-------
Melee: Short sword       |    45 |    34 |    90 |   269 |   329 |    61 ||   828
       Dagger            |       |       |   268 |   341 |       |       ||   609
       Flail             |       |       |       |    53 |    41 |       ||    94
       Hunting sling     |       |       |       |       |     2 |       ||     2
 Fire: Hunting sling     |       |       |       |   156 |  1876 |    64 ||  2096
Invok: Evolution         |       |       |     7 |    13 |    42 |     3 ||    65
       Sunlight          |       |       |     3 |     6 |    12 |       ||    21
       Reproduction      |       |       |       |     4 |     5 |       ||     9
       Rain              |       |       |       |     2 |       |       ||     2
       Growth            |       |       |       |     1 |       |       ||     1
 Abil: Evoke Berserk Rag |       |       |     1 |     2 |       |       ||     3
Evoke: Wand              |     5 |    18 |    21 |    20 |    26 |       ||    90
       Rod               |       |       |       |     4 |     7 |     2 ||    13
       Fan of gales      |       |       |       |       |     1 |     1 ||     2
  Use: Scroll            |     2 |       |    13 |     7 |    23 |       ||    45
       Potion            |       |       |    15 |     6 |     8 |     4 ||    33
 Stab: Sleeping          |     4 |     1 |    27 |    25 |    28 |       ||    85
       Paralysed         |       |     3 |     3 |       |       |       ||     6
       Distracted        |       |       |     1 |     1 |       |       ||     2
       Confused          |       |       |       |     8 |     4 |       ||    12
  Eat: Chunk             |       |     3 |     7 |       |    23 |       ||    33
       Bread ration      |       |       |     3 |     4 |     3 |       ||    10
       Beef jerky        |       |       |     1 |     1 |     4 |     1 ||     7
       Meat ration       |       |       |       |     2 |     4 |       ||     6
       Royal jelly       |       |       |       |     2 |     1 |       ||     3
       Pizza             |       |       |       |       |     3 |     1 ||     4
